 Dungeon Crawl Stone Soup version 0.31-a0-963-ga325b2283a (webtiles) character file.

Game seed: 3657784851279092401

14467 croobank the Fighter (level 11, -8/104 HPs)
             Began as a Grey Draconian Monk on Oct 25, 2023.
             Was an Elder of Ashenzari.
             Engulfed by an ice statue's freezing vapour (32 damage)
             ... in an ice cave.
             The game lasted 01:01:24 (12232 turns).

croobank the Fighter (Grey Draconian Monk)         Turns: 12232, Time: 01:01:25

Health: -8/104     AC: 21    Str: 15    XL:     11   Next: 89%
Magic:  32/32      EV: 19    Int: 15    God:    Ashenzari [****..]
Gold:   593        SH:  5    Dex: 18    Spells: 12/26 levels left

rFire   + + +        l - +6 dagger (vamp)
rCold   . . .        (no shield)
rNeg    . . .        (body armour unavailable)
rPois   .            (helmet restricted)
rElec   .            i - +2 cloak of the Enigmatic Sophism {Stlth+, Melee, Dev} (curse)
rCorr   .            a - +2 pair of gloves of the Unyielding Gaze {Dev, Range} (curse)
SInv    +            K - +2 pair of boots "Nihilism of Ashenzari" {Comp, Melee} (curse)
Will    +....        I - amulet of the Eye in the Sky {Reflect rF++ Int+3 SH+5, Fort, Cun} (curse)
Stlth   +++          t - ring "Share My Jealousy" {rF+ Will+ MP+9 Slay+3, Cun, Bglg} (curse)
HPRegen 0.37/turn    G - ring of the Chained Yoke {Wiz Dex+3, Self, Range} (curse)
MPRegen 0.23/turn

%: reflection, clarity, wizardry (x1)
@: slowed, very slow
A: AC +12, amphibious, unfitting armour, cold-blooded
a: Renounce Religion, Shatter the Chains


You were in an ice cave.
You worshipped Ashenzari.
Ashenzari was greatly pleased with you.
You visited 1 branch of the dungeon, and saw 11 of its levels.
You also visited: Ossuary, Bailey and Ice Cave.

You collected 798 gold pieces.
You spent 205 gold pieces at shops.

Inventory:

Hand Weapons
 b - a +0 arbalest
 f - a +1 dagger of holy wrath
 l - a +6 vampiric dagger (weapon)
 q - a +1 trident of protection
 x - a +0 heavy broad axe
Missiles
 C - 28 poisoned darts (quivered)
 D - 3 curare-tipped darts
Armour
 a - the cursed +2 pair of gloves of the Unyielding Gaze (worn) {Dev, Range}
   (You found it on level 9 of the Dungeon)

   It has a curse which improves the following skills: Devices: Evocations and
   Shapeshifting.
   Ranged Combat: Ranged Weapons and Throwing.
 i - the cursed +2 cloak of the Enigmatic Sophism (worn) {Stlth+, Melee, Dev}
   (You found it on level 5 of the Dungeon)

   It has a curse which improves the following skills: Melee Combat: Short
   Blades, Long Blades, Axes, Maces & Flails, Polearms, Staves and Unarmed
   Combat.
   Devices:   Evocations and Shapeshifting.
 K - the cursed +2 pair of boots "Nihilism of Ashenzari" (worn) {Comp, Melee}
   (You found it on level 6 of the Dungeon)

   It has a curse which improves the following skills: Companions: Summonings
   and Necromancy.
   Melee Combat: Short Blades, Long Blades, Axes, Maces & Flails, Polearms,
   Staves and Unarmed Combat.
Magical Staves
 j - a staff of cold
Jewellery
 n - a ring of magical power
 t - the cursed ring "Share My Jealousy" (left hand) {rF+ Will+ MP+9 Slay+3, Cun, Bglg}
   (You found it in a bailey)

   [ring of protection from fire]

   Slay+3:    It affects your accuracy & damage with ranged weapons and melee
   (+3).
   rF+:       It protects you from fire.
   Will+:     It increases your willpower.
   MP+9:      It affects your magic capacity (+9).
   It has a curse which improves the following skills: Cunning: Dodging and
   Stealth.
   Beguiling: Conjurations, Hexes and Translocations.
 G - the cursed ring of the Chained Yoke (right hand) {Wiz Dex+3, Self, Range}
   (You found it on level 5 of the Dungeon)

   [ring of wizardry]

   Wiz:       It improves your spell success rate.
   Dex+3:     It affects your dexterity (+3).
   It has a curse which improves the following skills: Introspection: Fighting
   and Spellcasting.
   Ranged Combat: Ranged Weapons and Throwing.
 I - the cursed amulet of the Eye in the Sky (around neck) {Reflect rF++ Int+3 SH+5, Fort, Cun}
   (You acquired it on level 6 of the Dungeon)

   [amulet of reflection]

   Reflect:   It reflects blocked missile attacks.
   Int+3:     It affects your intelligence (+3).
   rF++:      It greatly protects you from fire.
   SH+5:      It affects your SH (+5).
   It has a curse which improves the following skills: Fortitude: Shields.
   Cunning:   Dodging and Stealth.
 V - a ring of willpower
 Y - a ring of fire
Wands
 M - a wand of flame (2)
 N - a wand of iceblast (16)
Scrolls
 g - 5 scrolls of teleportation
 h - 3 scrolls of enchant armour
 m - a scroll of butterflies
 r - 2 scrolls of poison
 s - a scroll of fog
 w - 4 scrolls of vulnerability
 y - a scroll of torment
 H - a scroll of blinking
 U - a scroll of fear
Potions
 c - 2 potions of ambrosia
 d - a potion of mutation
 e - 4 potions of attraction
 k - a potion of resistance
 p - 3 potions of heal wounds
 u - 3 potions of enlightenment
 v - a potion of cancellation
 z - 2 potions of brilliance
 A - 3 potions of magic
 L - a potion of lignification
 R - 4 potions of curing
 S - a potion of haste
Miscellaneous
 o - a phantom mirror
 X - a tin of tremorstones (2/2)


   Skills:
 + Level 10.2(12.0) Fighting
 - Level 7.8(10.6) Short Blades
 + Level 8.5(11.2) Dodging
 + Level 6.3(8.2) Spellcasting
 * Level 6.5(8.4) Summonings
 - Level 4.2(6.0) Translocations
 * Level 7.9 Ice Magic


You had 12 spell levels left.
You knew the following spells:

 Your Spells              Type           Power      Damage    Failure   Level
a - Blink                 Tloc           48%        N/A       1%          2
b - Frozen Ramparts       Ice            58%        1d9       1%          3
c - Call Canine Familiar  Summ           31%        N/A       1%          3
d - Summon Guardian Gole  Hex/Summ       19%        N/A       2%          3
h - Hailstorm             Conj/Ice       18%        3d6       2%          3

Your spell library contained the following spells:

 Spells                   Type           Power      Damage    Failure   Level
 Freeze                   Ice            100%       1d10      1%          1
 Summon Small Mammal      Summ           100%       N/A       1%          1
 Manifold Assault         Tloc           24%        N/A       4%          4
 Sublimation of Blood     Necr           6%         N/A       6%          2
 Petrify                  Tmut/Erth      6%         N/A       41%         4
 Irradiate                Conj/Tmut      3%         3d12      75%         5


Dungeon Overview and Level Annotations

Branches:
Dungeon (11/15)            Temple (0/1) D:6            Lair (0/5) D:8
Ossuary (visited)          Bailey (visited)           IceCv (1/1)
    Orc: D:9-12

Altars:
Ashenzari
Fedhas
Kikubaaqudgha
Makhleb
Nemelex Xobeh
Okawaru
Qazlal
Ru
Sif Muna
Trog
Uskayaw
Yredelemnul
The Shining One

Shops:
D:3 *

Annotations:
IceCv exclusion: ice statue


Innate Abilities, Weirdness & Mutations

Your dull iron-grey scales are very hard. (AC +12)
You are amphibious.
You cannot fit into any form of body armour.
You are cold-blooded and may be slowed by cold attacks.


Message History

The ice statue is severely damaged.
The ice beast closely misses you.
The ice beast hits you but does no damage.
The ice statue gestures.
Aiming: Throw Flame
Press: ? - help, Shift-Dir - straight line, f/p - ice statue
Aim: an ice statue (severely damaged, 100% to hit)
The puff of flame hits the ice statue but does no damage.
The ice statue is severely damaged.
The ice beast hits you but does no damage.
The ice statue gestures at you. The bolt of cold hits you!!
The ice beast closely misses you. The ice beast hits you.
The ice beast freezes you!
Aiming: Throw Flame
Press: ? - help, Shift-Dir - straight line, f/p - ice statue
Aim: an ice statue (severely damaged, 100% to hit)
The puff of flame hits the ice statue but does no damage.
The ice statue is severely damaged.
The ice beast hits you but does no damage.
The ice beast completely misses you. The ice statue gestures at you.
The freezing blast engulfs you! The ice beast misses you.
Aiming: Throw Flame
Press: ? - help, Shift-Dir - straight line, f/p - ice statue
Aim: an ice statue (freezing vapour, severely damaged, 100% to hit)
The puff of flame hits the ice statue!
The ice statue melts!
The ice statue is almost destroyed.
You hear a sizzling sound!
You are engulfed in freezing vapours.
You feel yourself slow down.
* * * LOW HITPOINT WARNING * * *
The ice beast barely misses you. The ice statue gestures at you.
The bolt of cold misses you. The ice beast misses you. x2
Aiming: Throw Flame
Press: ? - help, Shift-Dir - straight line, f/p - ice statue
Aim: an ice statue (almost destroyed, 100% to hit)
The puff of flame hits the ice statue but does no damage.
The ice statue is almost destroyed.
You are engulfed in freezing vapours.
You die...

###* ##..#* ##....#*
*#......## *........##
#### *#......YY8# ####
##..##
*......°○@####..#####....#
*......°○Y○##....##.......
,.............#.......∩.∩.
,............###..........
*#.....(...### ##..##....#
*#........## ######..##
*#........# ####
#.......## ##.....##


You could see an ice statue and 3 ice beasts.

Vanquished Creatures
  A two-headed ogre (D:9)
  Pikel (D:5)
  An ice statue (IceCv)
  An unseen horror (D:10)
  An unseen horror zombie (D:9)
  A komodo dragon (D:8)
  Sigmund (D:5)
  15 yaks
  2 wraiths
  A vampire (D:10)
  4 vampire mosquitoes (D:9)
  A steam dragon (D:9)
  Edmund (D:6)
  An acid dragon (D:9)
  3 water moccasins
  Duvessa (D:4)
  10 orc warriors (Bailey)
  2 ice beasts
  3 black bears (D:8)
  6 centaurs
  2 ogres
  2 lemures (D:5)
  2 kobold brigands
  Blork the orc (D:4)
  2 bullfrogs
  2 gnoll sergeants
  4 scorpions
  9 wights
  Dowan (D:4)
  11 killer bees
  3 centaur zombies (D:9)
  3 jellies
  4 hounds
  A human zombie (D:9)
  6 orc priests
  A gnoll bouda (D:4)
  A scorpion zombie (D:5)
  3 iguanas
  Natasha (thrice) (D:2)
  12 orc wizards
  3 hound zombies (D:5)
  2 hound skeletons (D:5)
  10 mummies
  3 howler monkey zombies (D:9)
  11 adders
  11 gnolls
  2 adder skeletons (D:5)
  3 dart slugs
  45 orcs
  8 endoplasms
  5 giant cockroaches
  2 gnoll zombies (Ossuary)
  14 goblins
  9 hobgoblins
  4 jackals
  8 quokkas
  4 ball pythons
  5 bats
  7 frilled lizards
  2 hobgoblin zombies (Ossuary)
  21 kobolds
  2 kobold zombies (Ossuary)
  2 orc zombies (Ossuary)
  6 rats
319 creatures vanquished.

Vanquished Creatures (collateral kills)
  An orc (D:9)
1 creature vanquished.

Vanquished Creatures (others)
  An ice dragon (D:11)
  A two-headed ogre (D:10)
  An orc knight (Bailey)
  A rime drake (IceCv)
  3 polar bears (D:11)
  A yak (D:11)
  2 orc warriors
  A wolf (D:11)
  3 komodo dragon simulacra (IceCv)
  3 steam dragon simulacra (IceCv)
  An orc (Bailey)
  A giant cockroach (D:4)
19 creatures vanquished.

Grand Total: 339 creatures vanquished

Notes
Turn   | Place    | Note
-------+----------+-------------------------------------------
     0 | D:1      | croobank the Draconian Monk began the quest for the Orb.
     0 | D:1      | Reached XP level 1. HP: 19/19 MP: 1/1
   134 | D:1      | Reached XP level 2. HP: 24/26 MP: 2/2
   626 | D:1      | Reached XP level 3. HP: 29/33 MP: 3/3
  1183 | D:2      | Reached skill level 4 in Fighting
  1318 | D:2      | Noticed Natasha
  1337 | D:2      | Killed Natasha
  1338 | D:2      | Reached XP level 4. HP: 15/40 MP: 4/4
  1742 | D:2      | Noticed Natasha
  1757 | D:2      | Killed Natasha
  2034 | D:2      | Reached XP level 5. HP: 47/47 MP: 5/5
  2230 | D:2      | Found Semokhly's Antique Weapon Emporium.
  2232 | D:2      | Noticed Natasha
  2240 | D:2      | Killed Natasha
  2369 | D:3      | Found an iron altar of Okawaru.
  2512 | D:3      | Found a burning altar of Makhleb.
  2523 | D:3      | Found a shimmering blue altar of Sif Muna.
  2537 | D:3      | Identified the +4 robe "Gakkashi" {Regen+ Dex+3}
  2670 | D:3      | Found a broken altar of Ashenzari.
  2708 | D:3      | Became a worshipper of Ashenzari the Shackled
  2750 | D:3      | Reached skill level 5 in Fighting
  2881 | D:3      | Found Usox's Assorted Antiques.
  2881 | D:3      | Noticed a centaur
  2895 | D:3      | Killed a centaur
  2896 | D:3      | Reached XP level 6. HP: 49/56 MP: 6/6
  2930 | D:3      | Bought a scroll labelled OGUBAMN LAOCI for 26 gold pieces
  2930 | D:3      | Bought a scroll of identify for 52 gold pieces
  2930 | D:3      | Bought a coppery potion for 23 gold pieces
  3160 | D:4      | Found a hide-covered altar of Uskayaw.
  3230 | D:4      | Reached skill level 5 in Short Blades
  3401 | D:4      | Found a bloodstained altar of Trog.
  3409 | D:4      | Noticed Duvessa
  3451 | D:3      | Your scales start taking on a dull iron-grey colour.
  3451 | D:3      | Reached XP level 7. HP: 22/63 MP: 7/7
  3588 | D:3      | Bought a potion of might for 104 gold pieces
  3598 | D:4      | Killed Duvessa
  3599 | D:4      | Reached skill level 6 in Fighting
  3599 | D:4      | Noticed Dowan
  3604 | D:4      | Killed Dowan
  3605 | D:4      | Reached skill level 5 in Dodging
  3696 | D:4      | Learned a level 2 spell: Blink
  3696 | D:4      | Reached * piety under Ashenzari
  3743 | D:4      | Noticed Blork the orc
  3763 | D:4      | Killed Blork the orc
  3835 | D:5      | Entered Level 5 of the Dungeon
  3912 | D:5      | Noticed Sigmund
  3931 | D:5      | Killed Sigmund
  3932 | D:5      | Reached skill level 1 in Spellcasting
  3932 | D:5      | Reached skill level 1 in Translocations
  3962 | D:5      | Found a sand-covered staircase.
  3986 | D:5      | Reached XP level 8. HP: 73/73 MP: 10/10
  3996 | Ossuary  | Entered an ossuary
  4105 | Ossuary  | Reached ** piety under Ashenzari
  4922 | D:5      | Noticed Pikel
  5004 | D:5      | Killed Pikel
  5005 | D:5      | Reached skill level 7 in Fighting
  5097 | D:5      | Found an ancient bone altar of Kikubaaqudgha.
  5155 | D:5      | Found a stormy altar of Qazlal.
  5637 | D:5      | Reached XP level 9. HP: 76/79 MP: 13/13
  5842 | D:5      | Identified the ring of Jemesed {Wiz Dex+3}
  5938 | D:6      | Noticed Edmund
  5949 | D:6      | Killed Edmund
  6342 | D:6      | Identified a scroll of acquirement
  6343 | D:6      | Acquired the amulet of Opualezonn {Reflect rF++ Int+3 SH+5}
  6553 | D:6      | Reached skill level 8 in Fighting
  6572 | D:6      | Found a staircase to the Ecumenical Temple.
  6826 | D:7      | Learned a level 3 spell: Frozen Ramparts
  6839 | D:7      | Found a sparkling altar of Nemelex Xobeh.
  6914 | D:7      | Reached skill level 1 in Ice Magic
  7765 | D:8      | Learned a level 3 spell: Hailstorm
  7787 | D:8      | Reached XP level 10. HP: 90/90 MP: 16/16
  7856 | D:8      | Found a staircase to the Lair.
  8007 | D:8      | Learned a level 3 spell: Call Canine Familiar
  8011 | D:8      | Learned a level 3 spell: Summon Guardian Golem
  8042 | D:8      | Reached *** piety under Ashenzari
  8137 | D:8      | Found a glowing golden altar of the Shining One.
  8412 | D:8      | Found a sacrificial altar of Ru.
  8426 | D:8      | Reached skill level 1 in Summonings
  9005 | D:9      | Reached skill level 9 in Fighting
  9005 | D:9      | Reached skill level 5 in Spellcasting
  9022 | D:9      | Reached skill level 5 in Ice Magic
  9658 | D:9      | Found a basalt altar of Yredelemnul.
  9745 | D:9      | Noticed a two-headed ogre
  9770 | D:9      | Killed a two-headed ogre
  9852 | D:9      | Reached XP level 11. HP: 97/97 MP: 19/19
  9954 | D:9      | Reached **** piety under Ashenzari
  9992 | D:9      | Identified the +0 chain mail of the Stone Wall {Will+
                  | Int+2}
 10320 | D:10     | Entered Level 10 of the Dungeon
 10405 | D:10     | Found a flagged portal.
 10425 | Bailey   | Entered a bailey
 10748 | Bailey   | Identified the ring of Mahidook {rF+ Will+ MP+9 Slay+3}
 10748 | Bailey   | Noticed an orc knight
 10774 | Bailey   | Killed an orc knight
 11079 | D:10     | Reached skill level 5 in Summonings
 11163 | D:10     | Found a blossoming altar of Fedhas.
 11528 | D:10     | Noticed a two-headed ogre
 11545 | D:10     | Killed a two-headed ogre
 11865 | D:11     | Found a frozen archway.
 11923 | D:11     | Reached skill level 10 in Fighting
 11952 | D:11     | Noticed an ice dragon
 11965 | D:11     | Killed an ice dragon
 11980 | IceCv    | Entered an ice cave
 12232 | IceCv    | Engulfed by an ice statue's freezing vapour

Illustrated notes

Levels and vault maps discovered:
D:1:      ncdulo_watergridlock, layout_basic, lexackson_kobold_supper
D:2:      wad_woods_tower, layout_basic, serial_shops, shop, uniq_natasha
D:3:      corexii_shack_village, layout_rooms,
          mainiacjoe_overflow_cross_hatched,
          mainiacjoe_overflow_small_starburst, nicolae_sif_muna_condensation,
          bloody_makhleb, serial_shops, shop, hex_intersection
D:4:      layout_rooms, kennysheep_mini, mainiacjoe_overflow_paths,
          uniq_duvessa, uniq_blork_the_orc
D:5:      kennysheep_six_static_rooms, layout_basic, lemuel_doored_altar,
          mainiacjoe_overflow_alcove_2, mainiacjoe_ossuary_entry_find_the_door,
          uniq_pikel, uniq_sigmund
D:6:      layout_loops_ring, minmay_temple_entry_purple_smoke, hex_tiny,
          minmay_misc_feat_room, uniq_edmund
D:7:      layout_gridville, kennysheep_mini_moat
D:8:      layout_loops_ring, tso_metal_star, hangedman_ru_absence,
          grunt_lair_entry_orc_guard_hut
D:9:      layout_gridville, lemuel_mausoleum_altar_yredelemnul
D:10:     layout_loops_ring, mainiacjoe_overflow_catwalk, enter_bailey_3
D:11:     layout_loops_ring, portal_ice_cave_entry_animals_and_master,
          minivault_25, serial_bayou_pond_a
IceCv:    ice_cave_small_dragons

Skill      XL: |  1  2  3  4  5  6  7  8  9 10 11 |
---------------+----------------------------------+-----
Dodging        | 3 4 5 6 7 8 |  8.5
Fighting       | 4 5 6 7 8 9 10 | 10.2
Short Blades   | 4 5 6 7 |  7.8
Spellcasting   | 1 3 4 5 6 |  6.3
Translocations | 1 3 4 |  4.2
Ice Magic      | 3 5 7 |  7.9
Summonings     | 4 6 |  6.5

Action                     |  1- 3 |  4- 6 |  7- 9 | 10-12 || total
---------------------------+-------+-------+-------+-------++-------
  Melee: Short sword       |   116 |       |       |       ||   116
         Tailslap          |    59 |    24 |   152 |   167 ||   402
         Punch             |     2 |     2 |    10 |    15 ||    29
         Dagger            |   198 |   262 |   760 |   802 ||  2022
         Trident           |       |       |       |    36 ||    36
         Staff             |       |       |       |     2 ||     2
  Throw: Throwing net      |       |     1 |       |       ||     1
         Dart              |       |       |    16 |     8 ||    24
   Cast: Frozen Ramparts   |       |       |     2 |       ||     2
         Summon Guardian G |       |       |       |    16 ||    16
         Call Canine Famil |       |       |       |     8 ||     8
 Invoke: Curse Item        |       |     1 |     4 |     4 ||     9
         Shatter the Chain |       |       |     2 |     1 ||     3
  Evoke: Wand              |       |       |     6 |    12 ||    18
    Use: Scroll            |     1 |    14 |     5 |     5 ||    25
         Potion            |       |     1 |     2 |     1 ||     4
   Stab: Sleeping          |     1 |     4 |     3 |     9 ||    17
         Distracted        |       |       |     1 |     1 ||     2
         Invisible         |       |       |       |     3 ||     3
 Armour: Skin              |    81 |   110 |   204 |   218 ||   613
  Dodge: Dodged            |    89 |   161 |   435 |   515 ||  1200
  Block: Other             |       |       |    44 |   132 ||   176
         Reflection        |       |       |       |     9 ||     9

Table legend: (Time is in decaauts)
 A = Elapsed time spent in this place.
 B = Non-inter-level travel time spent in this place.
 C = Inter-level travel time spent in this place.
 D = Time resting spent in this place.
 E = Time spent auto-exploring this place.
 F = Levels seen in this place.
 G = Mean time per level.
                   A        B        C        D        E       F      G
               +--------+--------+--------+--------+--------+-----+--------+
         Total |  11495 |  11057 |    438 |   1487 |   5818 |  14 |  821.1 |
       Dungeon |  10460 |  10022 |    438 |   1205 |   5702 |  11 |  950.9 |
       Ossuary |    288 |    288 |      0 |     45 |     29 |   1 |  288.0 |
        Bailey |    493 |    493 |      0 |    103 |     87 |   1 |  493.0 |
      Ice Cave |    253 |    253 |      0 |    134 |      0 |   1 |  253.0 |
               +--------+--------+--------+--------+--------+-----+--------+

Top non-repeatable levels by time:
     D:5: 1602 daAuts
     D:9: 1450 daAuts
     D:2: 1280 daAuts
     D:1: 1039 daAuts
     D:8: 931 daAuts
     D:3: 901 daAuts
     D:7: 849 daAuts
    D:10: 842 daAuts
     D:6: 801 daAuts
     D:4: 597 daAuts
  Bailey: 493 daAuts
 Ossuary: 288 daAuts
   IceCv: 253 daAuts
    D:11: 163 daAuts
